 Dungeon Crawl Stone Soup version 0.28.0-53-g5a82cb258f (webtiles) character file.

Game seed: 11149059956117844106

384 protoss039 the Digger (level 6, -6/47 HPs)
             Began as a Demonspawn Earth Elementalist on June 15, 2022.
             Mangled by an ice beast (13 damage)
             ... on level 4 of the Dungeon.
             The game lasted 00:08:10 (6284 turns).

protoss039 the Digger (DsEE)                        Turns: 6284, Time: 00:08:10

Health: -6/47      AC:  4    Str:  8    XL:     6   Next: 47%
Magic:  0/10       EV: 12    Int: 19    God:
Gold:   127        SH:  0    Dex: 19    Spells: 5/11 levels left

rFire   . . .      SeeInvis .   (no weapon)
rCold   . . .      Faith    .   (no shield)
rNeg    . . .      Spirit   .   a - +0 leather armour
rPois   .          Reflect  .   c - +0 helmet
rElec   .          Harm     .   (no cloak)
rCorr   .          Rampage  .   (gloves unavailable)
Will    .....                   (no boots)
Stlth   ++........              (no amulet)
HPRegen 0.15/turn               g - +6 ring of dexterity
MPRegen 0.12/turn               (no ring)

@: no status effects
A: weakness stinger 1, demonic touch 3
a: no special abilities


You were on level 4 of the Dungeon.
You visited 1 branch of the dungeon, and saw 4 of its levels.

You collected 197 gold pieces.
You spent 70 gold pieces at shops.

Inventory:

Hand Weapons
 t - a +0 spear
Missiles
 b - 33 stones
Armour
 a - a +0 leather armour (worn)
 c - a +0 helmet (worn)
 o - the +2 ring mail of Time Monsters {rElec rC+++ Str-5 Dex-2}
   (You found it on level 2 of the Dungeon)

   Str:       It affects your strength (-5).
   Dex:       It affects your dexterity (-2).
   rC:        It renders you almost immune to cold.
   rElec:     It insulates you from electricity.
Jewellery
 g - a +6 ring of dexterity (left hand)
Wands
 e - a wand of mindburst (9)
 u - a wand of paralysis (9)
Scrolls
 f - a scroll of enchant weapon {unknown}
 h - 2 scrolls of teleportation {unknown}
 j - a scroll of fear {unknown}
 m - 2 scrolls of identify {unknown}
 n - a scroll of noise {unknown}
 p - a scroll of immolation {unknown}
 q - a scroll of brand weapon {unknown}
 r - a scroll of amnesia {unknown}
 s - a scroll of magic mapping {unknown}
Potions
 d - 3 potions of haste {unknown}
 i - 2 potions of curing {unknown}
 k - 2 potions of ambrosia {unknown}
 l - 2 potions of heal wounds


   Skills:
 * Level 3.4 Fighting
 + Level 1.9 Armour
 - Level 1.7 Dodging
 - Level 1.7 Stealth
 * Level 0.9 Unarmed Combat
 + Level 3.0 Spellcasting
 * Level 2.6 Conjurations
 - Level 1.0 Transmutations
 + Level 3.6 Earth Magic


You had 5 spell levels left.
You knew the following spells:

 Your Spells              Type           Power      Damage    Failure   Level
a - Sandblast             Erth           32%        2d9       4%          1
b - Passwall              Tmut/Erth      9%         N/A       12%         2
c - Stone Arrow           Conj/Erth      28%        3d8       19%         3

Your spell library contained the following spells:

 Spells                   Type           Power      Damage    Failure   Level
 Animate Skeleton         Necr           4%         N/A       22%         1
 Apportation              Tloc           4%         N/A       22%         1
 Summon Small Mammal      Summ           8%         N/A       22%         1
 Confusing Touch          Hex            2%         N/A       54%         3
 Petrify                  Tmut/Erth      11%        N/A       63%         4
 Yara's Violent Unravell  Hex/Tmut       2%         3d3       99%         5
 Enfeeble                 Hex            1%         N/A       100%        7


Dungeon Overview and Level Annotations

Branches:
Dungeon (4/15)
 Temple: D:4-7

Altars:
Dithmenos

Shops:
D:3 *(**(


Innate Abilities, Weirdness & Mutations

You have a small tail.
Your touch may irresistibly damage your foes and sap their willpower.


Message History

Unknown command.
Unknown command.
Your magical contamination has completely faded away.
Casting: Sandblast (safe; 4% risk of failure)
Confirm with . or Enter, or press ? or * to list all spells.
Aiming: Sandblast (safe; 4% risk of failure)
Press: ? - help, Shift-Dir - straight line, f/p - ice beast
Aim: an ice beast (severely wounded, 79% to hit)
The blast of sand hits the ice beast.
The ice beast is almost dead.
The ice beast hits you. The ice beast freezes you!
Unknown command.
Casting: Sandblast (safe; 4% risk of failure)
Confirm with . or Enter, or press ? or * to list all spells.
You don't have enough magic to cast this spell.
Unknown command.
You barely miss the ice beast.
The ice beast is almost dead.
The ice beast hits you. The ice beast freezes you!
You hit the ice beast but do no damage. You punch the ice beast.
The ice beast is almost dead.
The ice beast barely misses you.
You hit the ice beast.
Your tail-slap misses the ice beast.
The ice beast is almost dead.
The ice beast closely misses you.
You hit the ice beast.
The ice beast is almost dead.
The ice beast hits you. The ice beast freezes you!
* * * LOW HITPOINT WARNING * * *
Casting: Sandblast (safe; 4% risk of failure)
Confirm with . or Enter, or press ? or * to list all spells.
Aiming: Sandblast (safe; 4% risk of failure)
Press: ? - help, Shift-Dir - straight line, f/p - ice beast
Aim: an ice beast (almost dead, 79% to hit)
The blast of sand hits the ice beast but does no damage.
The ice beast is almost dead.
The ice beast hits you.
* * * LOW HITPOINT WARNING * * *
The ice beast freezes you!
You die...

#......# #......#
#......# # ###.#### #
#.# # #.# #####.#
......## ############
#######. ...#.@Y...# #
#.#####.#.####.# #
#####.##.........#.####
#
#........##†#.##......#
#........##.#.####.##.#
#..##.......#.. ..# #
## #......####### ###
#.###....## #.#.[#..##


You could see an ice beast.

Vanquished Creatures
  A gnoll sergeant (D:4)
  An orc priest (D:3)
  An iguana (D:4)
  Natasha (twice) (D:2)
  Robin (D:2)
  5 gnolls
  8 adders
  A dart slug (D:2)
  4 orcs
  7 endoplasms
  2 giant cockroaches (D:1)
  16 goblins
  8 hobgoblins
  4 kobolds
  5 quokkas
  11 ball pythons
  5 bats
  5 frilled lizards
  2 rats
89 creatures vanquished.

Vanquished Creatures (others)
  2 plants (D:2)
2 creatures vanquished.

Grand Total: 91 creatures vanquished

Notes
Turn   | Place    | Note
-------+----------+-------------------------------------------
     0 | D:1      | protoss039 the Demonspawn Earth Elementalist began the
                  | quest for the Orb.
     0 | D:1      | Reached XP level 1. HP: 13/13 MP: 3/3
    69 | D:1      | Reached skill level 1 in Transmutations
   914 | D:1      | Discovered your monstrous ancestry.
   914 | D:1      | Gained mutation: Your touch may inflict minor irresistible
                  | damage on your foes. [demonic ancestry]
   914 | D:1      | Reached XP level 2. HP: 20/20 MP: 5/5
  1071 | D:1      | Reached skill level 1 in Fighting
  1739 | D:2      | Gained mutation: Your touch may inflict irresistible damage
                  | on your foes. [demonic ancestry]
  1739 | D:2      | Reached XP level 3. HP: 26/26 MP: 3/6
  1803 | D:2      | Noticed Robin
  1811 | D:2      | Found a shadowy altar of Dithmenos.
  1888 | D:2      | Learned a level 2 spell: Passwall
  1892 | D:2      | Learned a level 3 spell: Stone Arrow
  1954 | D:2      | Reached skill level 1 in Armour
  2165 | D:2      | Reached XP level 4. HP: 20/33 MP: 7/7
  2754 | D:2      | Reached skill level 1 in Conjurations
  2973 | D:2      | Found a faded altar of an unknown god.
  3007 | D:2      | Killed Robin
  3394 | D:2      | Noticed Natasha
  3410 | D:2      | Killed Natasha
  3544 | D:2      | Gained mutation: You have a small tail. [demonic ancestry]
  3544 | D:2      | Reached XP level 5. HP: 37/39 MP: 8/8
  3625 | D:2      | Identified the +2 ring mail of Time Monsters {rElec rC+++
                  | Str-5 Dex-2}
  3626 | D:2      | Noticed Natasha
  3636 | D:2      | Killed Natasha
  3720 | D:3      | Found Nukkuck's Antique Weapon Emporium.
  3938 | D:3      | Found Duic Wih's General Store.
  3947 | D:3      | Bought a potion of heal wounds for 70 gold pieces
  4143 | D:3      | Found Onwiot's General Store.
  4159 | D:3      | Found Mum Cohyiheu's General Store.
  4648 | D:3      | Found Qekukhla's Weapon Emporium.
  5222 | D:3      | Gained mutation: Your touch may irresistibly damage your
                  | foes and sap their willpower. [demonic ancestry]
  5222 | D:3      | Reached XP level 6. HP: 13/47 MP: 3/10
  6260 | D:4      | Noticed an ice beast
  6284 | D:4      | Mangled by an ice beast

Illustrated notes

Levels and vault maps discovered:
D:1:      minmay_arrival_nine_rooms, layout_loops_ring, minivault_23,
          roderic_serpentine_path, minmay_unequal
D:2:      layout_basic, shapermc_ecumenical_altar_venn, basic_altar,
          nicolae_concentric_dashed_squares_wild, grunt_decor_mini_mirrors,
          minmay_shallow_snake_nest, uniq_natasha, uniq_robin
D:3:      layout_basic, serial_shops,
          nicolae_shop_temple_entry_statues_fountains,
          nicolae_shop_advertising_works [nicolae_subvault_shop_adworks], shop,
          shop, nicolae_shop_crystal, st_stairs_7
D:4:      layout_loops_cross

Skill      XL: |  1  2  3  4  5  6 |
---------------+-------------------+-----
Transmutations | 1 |  1.0
Fighting       | 1 2 3 |  3.4
Earth Magic    | 3 |  3.6
Armour         | 1 |  1.9
Conjurations   | 1 2 |  2.6
Spellcasting   | 3 |  3.0
Dodging        | |  1.7
Stealth        | |  1.7
Unarmed Combat | |  0.9

Action                   |  1- 3 |  4- 6 || total
-------------------------+-------+-------++-------
Melee: Club              |    68 |   113 ||   181
       Short sword       |     4 |       ||     4
       Touch             |    13 |    40 ||    53
       Punch             |       |     5 ||     5
       Spear             |       |    22 ||    22
       Tailslap          |       |    13 ||    13
       Unarmed           |       |    36 ||    36
 Cast: Sandblast         |    25 |     9 ||    34
       Stone Arrow       |       |    10 ||    10
 Stab: Sleeping          |     3 |     3 ||     6
       Distracted        |     1 |       ||     1
Armor: Leather armour    |    29 |    41 ||    70
Dodge: Dodged            |    67 |   150 ||   217
